 Dungeon Crawl Stone Soup version 0.25.0-15-gac7dcb8919 (webtiles) character file.

Game seed: 3237415270818821705

111 protoss039 the Magician (level 4, 0/36 HPs)
             Began as a Deep Elf Earth Elementalist on June 29, 2020.
             Succumbed to kobold's curare-tipped dart
             ... on level 3 of the Dungeon.
             The game lasted 00:06:13 (2682 turns).

protoss039 the Magician (DEEE)                      Turns: 2682, Time: 00:06:14

Health: 0/36       AC: 22    Str:  5    XL:     4   Next: 62%
Magic:  8/13       EV:  2    Int: 21    God:
Gold:   65         SH:  0    Dex: 15    Spells: 7/13 levels left

rFire    . . .     SeeInvis .   i - +0 dagger
rCold    . . .     Gourm    .   (no shield)
rNeg     + + +     Faith    .   (armour currently unavailable)
rPois    +         Spirit   .   (helmet currently unavailable)
rElec    .         Reflect  .   (cloak currently unavailable)
rCorr    .         Harm     .   (gloves currently unavailable)
MR       +....     NoTele   +   (boots currently unavailable)
Stlth    ++........             (no amulet)
HPRegen  0.12/turn              f - ring of protection from magic
MPRegen  0.13/turn              (no ring)

@: lethally poisoned (0 -> -11), tree-form, berserk cooldown, very slightly
contaminated, hasted and slowed
A: no striking features
a: no special abilities


You were on level 3 of the Dungeon.
You were hungry.
You were a tree.
You visited 1 branch of the dungeon, and saw 3 of its levels.

You collected 65 gold pieces.

Inventory:

Hand Weapons
 i - a +0 dagger (weapon)
 m - a +0 vampiric short sword
Missiles
 b - 60 stones (quivered)
Armour
 c - a +0 robe (melded)
 n - a +0 helmet (melded)
 r - a +0 pair of boots (melded)
 u - a +0 pair of gloves
Jewellery
 f - a ring of protection from magic (left branch)
Scrolls
 h - 2 scrolls of random uselessness {unknown}
 k - 2 scrolls of teleportation {unknown}
 o - 2 scrolls of identify {unknown}
 p - a scroll of blinking {unknown}
 s - 2 scrolls of amnesia {unknown}
 t - a scroll of fear {unknown}
Potions
 l - a potion of mutation {unknown}
 q - a potion of stabbing {unknown}
Comestibles
 d - 4 rations
 v - 9 chunks of flesh


   Skills:
 - Level 0.1 Short Blades
 - Level 2.4 Dodging
 - Level 2.4 Stealth
 * Level 5.0 Spellcasting
 + Level 1.1 Transmutations
 * Level 4.8 Earth Magic


You had 7 spell levels left.
You knew the following spells:

 Your Spells              Type           Power        Failure   Level  Hunger
a - Sandblast             Erth           ####..       1%          1    None
b - Passwall              Tmut/Erth      ###.....     4%          2    None
c - Stone Arrow           Conj/Erth      ###...       12%         3    ##.....

Your spell library contained the following spells:

 Spells                   Type           Power        Failure   Level  Hunger
 Petrify                  Tmut/Erth      ###.....     30%         4    ####...
 Lee's Rapid Deconstruct  Erth           ####......   38%         5    #####..


Dungeon Overview and Level Annotations

Branches:
Dungeon (3/15)

Altars:


Message History

* * * LOW HITPOINT WARNING * * *
You feel sick.
You see here a stone.
b - 60 stones (gained 1)
You feel your anger nearly subside.
You are no longer berserk.
You are exhausted.
You feel as though you will be slow longer.
* * * LOW HITPOINT WARNING * * *
You feel sick.
Unknown command.
It was a potion of lignification.
You turn into a tree.
Your +0 helmet melds into your body.
Your +0 pair of boots melds into your body.
Your +0 robe melds into your body.
Your roots penetrate the ground.
* * * LOW HITPOINT WARNING * * *
You feel sick.
Unknown command.
Unknown command.
It was a potion of flight.
Your roots keep you in place.
You die...

#.................#
#.....#####.####..#
##.......###.####..#
##.........#...##..# # #
.#.....#.#......#..#.#.#
.#.#.....#......#..#.#.#
...####..#......#......
...#....<#......##.#.##
.#.#.#####.#...(♣.....#
.#.# ...####..()...#
.... #### #...).......
....# #...#..##### ....#
#.....># . ..#
.......... ............
..............
..............


There were no monsters in sight!

Vanquished Creatures
  Terence (D:2)
  2 adders
  An ooze (D:2)
  2 dart slugs (D:2)
  2 worms (D:2)
  A leopard gecko (D:3)
  7 bats
  5 giant cockroaches
  7 goblins
  7 hobgoblins
  6 jackals
  A quokka (D:2)
  A ball python (D:1)
  3 kobolds (D:3)
  6 rats
52 creatures vanquished.

Notes
Turn   | Place    | Note
-------+----------+-------------------------------------------
     0 | D:1      | protoss039 the Deep Elf Earth Elementalist began the quest
                  | for the Orb.
     0 | D:1      | Reached XP level 1. HP: 10/10 MP: 6/6
   227 | D:1      | Reached XP level 2. HP: 15/15 MP: 4/8
   992 | D:2      | Reached XP level 3. HP: 19/19 MP: 5/10
   996 | D:2      | Learned a level 2 spell: Passwall
  1000 | D:2      | Learned a level 3 spell: Stone Arrow
  1189 | D:2      | Noticed Terence
  1205 | D:2      | Killed Terence
  1205 | D:2      | Reached skill level 4 in Spellcasting
  1446 | D:2      | Reached XP level 4. HP: 24/24 MP: 4/12
  2453 | D:3      | Reached skill level 5 in Spellcasting
  2680 | D:3      | HP: 1/24 [poisoned by kobold (curare-tipped dart)]
  2682 | D:3      | Succumbed to kobold's curare-tipped dart

Illustrated notes

Levels and vault maps discovered:
D:1:      dpeg_arrival_ternary, layout_basic
D:2:      layout_basic, hangedman_decor_push, uniq_terence
D:3:      layout_basic, first_ration, uniq_grinder

Skill      XL: |  1  2  3  4 |
---------------+-------------+-----
Earth Magic    | 4 |  4.8
Spellcasting   | 4 5 |  5.0
Short Blades   | |  0.1
Dodging        | |  2.4
Stealth        | |  2.4
Transmutations | |  1.1

Action                   |  1- 3 |  4- 6 || total
-------------------------+-------+-------++-------
Melee: Unarmed           |     4 |       ||     4
       Dagger            |    54 |    37 ||    91
 Cast: Sandblast         |    30 |     1 ||    31
       Stone Arrow       |     3 |    16 ||    19
  Use: Potion            |       |     4 ||     4
 Stab: Sleeping          |     3 |     5 ||     8
  Eat: Chunk             |     2 |     4 ||     6
Armor: Robe              |    18 |    14 ||    32
Dodge: Dodged            |    56 |    23 ||    79
